 Dungeon Crawl Stone Soup version 0.23.2-1-ga50397a (webtiles) character file.

Game seed: 2406731291520677672

2239 whitewolfNL the Cudgeler (level 9, -2/79 HPs)
             Began as a Minotaur Berserker on May 21, 2019.
             Was a High Priest of Trog.
             Killed from afar by an electric eel (5 damage)
             ... with a bolt of electricity
             ... on level 6 of the Dungeon.
             The game lasted 00:18:56 (5226 turns).

whitewolfNL the Cudgeler (Minotaur Berserker)       Turns: 5226, Time: 00:18:58

Health: -2/79      AC: 12    Str: 25    XL:     9   Next: 14%
Magic:  10/10      EV: 13    Int:  5    God:    Trog [*****.]
Gold:   367        SH:  0    Dex: 13    Spells: 8/8 levels left

rFire    + . .     SeeInvis .   K - +0 flail
rCold    x . .     Gourm    .   (no shield)
rNeg     . . .     Faith    .   y - +0 scale mail
rPois    .         Spirit   .   (helmet restricted)
rElec    .         Reflect  .   (no cloak)
rCorr    .         Harm     .   (no gloves)
MR       .....                  E - +0 pair of boots of Laevaurueh {Str+4} (curse)
Stlth    ..........             (no amulet)
HPRegen  0.23/turn              B - ring of fire
MPRegen  0.12/turn              w - +4 ring of protection

@: no status effects
A: retaliatory headbutt, horns 2
a: Berserk, Trog's Hand, Brothers in Arms, Renounce Religion


You were on level 6 of the Dungeon.
You worshipped Trog.
Trog was extremely pleased with you.
You were near starving.

You visited 1 branch of the dungeon, and saw 6 of its levels.
You also visited: Sewer.

You collected 367 gold pieces.

Inventory:

Hand Weapons
 a - a +1 whip of pain
 n - a +0 battleaxe of freezing
 C - a +1 hand axe of flaming
 K - a +0 flail (weapon)
Missiles
 b - 102 arrows
 d - 24 poisoned needles
 f - 60 bolts
 g - 40 sling bullets
 j - 86 stones (quivered)
 u - 6 needles of sleeping
Armour
 h - a +0 large shield
 y - a +0 scale mail (worn)
 E - the cursed +0 pair of boots of Laevaurueh (worn) {Str+4}
   (You found it on level 5 of the Dungeon)

   It affects your strength (+4).
   It has a curse placed upon it.
 H - a +0 scale mail
Jewellery
 w - a +4 ring of protection (right hand)
 B - a ring of fire (left hand)
Wands
 A - a wand of iceblast (5)
Scrolls
 e - 3 scrolls of teleportation {unknown}
 k - 2 scrolls of immolation {unknown}
 l - 5 scrolls of enchant weapon
 q - 5 scrolls of remove curse
 r - 2 scrolls of amnesia {unknown}
 t - a scroll of random uselessness {unknown}
 F - a scroll of magic mapping {unknown}
 G - a scroll of blinking {unknown}
Potions
 i - 6 potions of heal wounds
 m - 5 potions of agility
 o - 5 potions of curing {unknown}
 p - 3 potions of might
 s - a potion of resistance {unknown}
 v - a potion of magic {unknown}
 x - 2 potions of cancellation {unknown}
 z - 4 potions of flight
 D - 3 potions of brilliance {unknown}
 I - a potion of lignification {unknown}
 J - 2 potions of mutation {unknown}
Comestibles
 c - 12 rations


   Skills:
 * Level 7.3 Fighting
 * Level 7.4 Maces & Flails
 - Level 4.0 Throwing
 + Level 5.0 Armour
 * Level 6.3 Dodging
 - Level 1.0 Stealth
 - Level 4.0 Shields
 * Level 3.1 Evocations


You had 8 spell levels left.
You didn't know any spells.
Your spell library was empty.

Dungeon Overview and Level Annotations

Branches:
Dungeon (6/15)             Temple (0/1) D:6

Altars:
Gozag
Kikubaaqudgha
Ru
Zin


Innate Abilities, Weirdness & Mutations

You reflexively headbutt those who attack you in melee.
You have a pair of horns on your head.


Message History

The bolt of electricity hits you!
The electric eel shoots out a bolt of lightning at you!
The bolt of electricity hits you!
* * * LOW HITPOINT WARNING * * *
You hit the electric eel but do no damage.
Your headbutt misses the electric eel.
The electric eel shoots out a bolt of lightning at you!
The bolt of electricity misses you. The bolt of electricity hits you.
* * * LOW HITPOINT WARNING * * *
The bolt of electricity hits the electric eel.
The electric eel completely resists.
You hit the electric eel.
The electric eel is lightly wounded.
You sock the electric eel!
The electric eel is heavily wounded.
The electric eel shoots out a bolt of lightning at you!
The bolt of electricity hits you!
* * * LOW HITPOINT WARNING * * *
The bolt of electricity hits you.
You die...

#.#.#...###.#.#.###÷#####.##.##
#.#.########.###...####..####)#
#.##.##..##.## ####)##.######.#
#.###.###..## ##..## #8.##
#.####.#######################
#.##.........................##
#.#≈≈≈≈≈≈≈≈≈≈≈≈≈≈≈≈≈≈≈≈≈≈≈≈≈≈≈#
#.#≈≈≈≈≈≈≈≈≈≈≈;≈≈≈≈≈≈≈≈≈≈≈≈≈≈≈#
#.##..........@..............#
#.####################'########
#.##8.###8.###8[###8.#........#
#.##.................'........#
#.##.##########################
#.#........# #.# #..# ###
#.#.#.#.#### #.# #..# #..
#.#.#.#.# #.######..#####.#
#.#.#.#.# #.#.......>.....#


You could see an electric eel.

Vanquished Creatures
  Prince Ribbit (D:6)
  Sigmund (D:3)
  An orc warrior (D:6)
  2 necrophages (D:6)
  2 centaurs
  2 ogres
  A bullfrog (D:6)
  A big kobold (Sewer)
  A scorpion (D:4)
  4 wights (D:6)
  An electric eel (D:6)
  A howler monkey (D:6)
  4 crimson imps
  3 jellies
  3 hounds
  An orc priest (D:6)
  2 orc wizards
  A centaur skeleton (D:4)
  Terence (D:3)
  An iguana (D:5)
  3 worker ants
  A hound zombie (D:6)
  4 hound skeletons
  13 adders
  4 oozes
  3 worms
  3 dart slugs
  A leopard gecko (D:2)
  13 orcs
  6 ball pythons
  9 giant cockroaches
  6 goblins
  4 hobgoblins
  11 jackals
  27 kobolds
  4 quokkas
  5 bats
  3 frilled lizards
  A jackal zombie (D:6)
  9 rats
164 creatures vanquished.

Notes
Turn   | Place    | Note
-------+----------+-------------------------------------------
     0 | D:1      | whitewolfNL the Minotaur Berserker began the quest for the
                  | Orb.
     0 | D:1      | Reached XP level 1. HP: 19/19 MP: 0/0
    82 | D:1      | Reached XP level 2. HP: 26/27 MP: 1/1
   696 | D:2      | Reached ** piety under Trog
   809 | D:2      | Reached skill level 1 in Stealth
   809 | D:2      | Reached XP level 3. HP: 29/33 MP: 2/2
  1048 | D:2      | Reached skill level 1 in Throwing
  1166 | D:2      | Reached XP level 4. HP: 38/40 MP: 3/3
  1449 | D:2      | Found an ancient bone altar of Kikubaaqudgha.
  1679 | D:3      | Reached skill level 1 in Shields
  1703 | D:3      | Noticed Terence
  1746 | D:3      | Reached *** piety under Trog
  1752 | D:3      | Killed Terence
  1752 | D:3      | Reached XP level 5. HP: 16/47 MP: 4/4
  1951 | D:3      | Noticed Sigmund
  1961 | D:3      | Killed Sigmund
  1961 | D:3      | Reached XP level 6. HP: 55/55 MP: 5/5
  2582 | D:4      | Reached skill level 5 in Maces & Flails
  2615 | D:4      | Reached skill level 5 in Fighting
  3005 | D:4      | Reached XP level 7. HP: 46/61 MP: 6/6
  3230 | D:4      | Found an opulent altar of Gozag.
  3346 | D:5      | Entered Level 5 of the Dungeon
  3621 | D:5      | Found a sacrificial altar of Ru.
  3682 | D:5      | Reached **** piety under Trog
  3698 | D:5      | Got a pair of translucent boots
  3705 | D:5      | Found a glowing drain.
  3717 | Sewer    | Entered a sewer
  3727 | Sewer    | Identified the cursed +0 pair of boots of Laevaurueh
                  | {Str+4} (You found it on level 5 of the Dungeon)
  4059 | D:5      | Reached skill level 5 in Dodging
  4193 | D:5      | Reached XP level 8. HP: 70/70 MP: 7/7
  4268 | D:6      | Found a staircase to the Ecumenical Temple.
  4329 | D:6      | Found a glowing silver altar of Zin.
  4397 | D:6      | Reached skill level 1 in Evocations
  4584 | D:6      | Reached ***** piety under Trog
  4883 | D:6      | Reached XP level 9. HP: 70/79 MP: 10/10
  4886 | D:6      | Noticed Prince Ribbit
  4896 | D:6      | Killed Prince Ribbit
  4896 | D:6      | Reached skill level 5 in Armour
  5226 | D:6      | HP: 3/79 [electric eel/bolt of electricity (10)]
  5226 | D:6      | Killed from afar by an electric eel

Skill      XL: |  1  2  3  4  5  6  7  8  9 |
---------------+----------------------------+-----
Fighting       | 4 5 6 7 |  7.3
Stealth        | 1 |  1.0
Maces & Flails | 4 5 6 7 |  7.4
Throwing       | 1 2 3 4 |  4.0
Dodging        | 3 4 5 6 |  6.3
Armour         | 3 4 5 |  5.0
Shields        | 1 2 3 4 |  4.0
Evocations     | 2 3 |  3.1

Action                   |  1- 3 |  4- 6 |  7- 9 || total
-------------------------+-------+-------+-------++-------
Melee: Mace              |    51 |   111 |   163 ||   325
       Headbutt          |     9 |    19 |    40 ||    68
       Flail             |       |       |    55 ||    55
Invok: Berserk           |       |     4 |     8 ||    12
  Use: Scroll            |       |       |     6 ||     6
 Stab: Sleeping          |     1 |     3 |       ||     4
  Eat: Chunk             |     1 |     8 |    14 ||    23
Armor: Animal skin       |    11 |    21 |       ||    32
       Scale mail        |       |     5 |    92 ||    97
Dodge: Dodged            |    45 |   101 |   148 ||   294
